 Dungeon Crawl Stone Soup version 0.30-a0-702-gdf48620a09 (webtiles) character file.

Game seed: 9359876985527392439

707 kae the Changer (level 7, -2/52 HPs)
             Began as a Demonspawn Transmuter on Jan 21, 2023.
             Was a Believer of Ru.
             Slain by a gnoll
             ... wielding a +0 whip
             ... led by a gnoll bouda
              (3 damage)
             ... on level 5 of the Dungeon.
             The game lasted 00:05:31 (3911 turns).

kae the Changer (Demonspawn Transmuter)             Turns: 3911, Time: 00:05:32

Health: -2/52      AC:  3    Str: 10    XL:     7   Next: 39%
Magic:  11/12      EV: 17    Int: 19    God:    Ru [**....]
Gold:   196        SH:  0    Dex: 13    Spells: 3/13 levels left

rFire   + . .      SeeInvis .      - Unarmed
rCold   . . .      Faith    .    (no shield)
rNeg    . . .      Spirit   .    a - +0 robe
rPois   .          Reflect  .    (no helmet)
rElec   .          Harm     .    (no cloak)
rCorr   .          Rampage  .    (no gloves)
Will    .....                    e - +0 pair of boots
Stlth   +                        (no amulet)
HPRegen 0.28/turn                E - +5 ring of evasion
MPRegen 0.13/turn                F - ring of protection from fire

@: weakened
A: claws 1, (demonic guardian 1), spiny 1, hated by all, big brain 1
a: Renounce Religion


You were on level 5 of the Dungeon.
You worshipped Ru.
Ru was pleased with you.
You visited 1 branch of the dungeon, and saw 5 of its levels.

You collected 196 gold pieces.


Innate Abilities, Weirdness & Mutations

You have sharp fingernails.
((A weak demonic guardian rushes to your aid.))
You are partially covered in sharp spines.
You are hated by all.
You have an unusually large brain. (Int +2)


   Skills:
 + Level 3.1 Fighting
 - Level 1.7 Dodging
 + Level 4.1 Unarmed Combat
 + Level 3.6 Spellcasting
 * Level 4.8 Transmutations
 * Level 1.8 Ice Magic
 - Level 1.5 Poison Magic


You had 3 spell levels left.
You knew the following spells:

 Your Spells              Type           Power      Damage    Failure   Level
a - Beastly Appendage     Tmut           42%        N/A       1%          1
b - Wereblood             Tmut           21%        N/A       3%          2
c - Spider Form           Tmut/Pois      15%        N/A       12%         3
d - Ice Form              Ice/Tmut       16%        N/A       36%         4

Your spell library contained the following spells:

 Spells                   Type           Power      Damage    Failure   Level


Inventory:

Missiles
 g - 72 stones
 j - 6 javelins
 k - 6 boomerangs
 o - 6 boomerangs of dispersal {=f!f}
 q - 6 poisoned darts
Armour
 a - a +0 robe (worn)
 e - a +0 pair of boots (worn)
   (You found it on level 1 of the Dungeon)
 l - a +0 pair of gloves
   (You found it on level 2 of the Dungeon)
Jewellery
 f - a ring of fire
   (You found it on level 1 of the Dungeon)
 h - an amulet of magic regeneration
   (You took it off a goblin on level 4 of the Dungeon)
 E - a +5 ring of evasion (left claw)
   (You found it on level 1 of the Dungeon)
 F - a ring of protection from fire (right claw)
   (You found it on level 1 of the Dungeon)
Wands
 r - a wand of digging (9)
   (You took it off Sigmund on level 4 of the Dungeon)
Scrolls
 c - 3 scrolls of vulnerability {!r!r}
 i - 4 scrolls of teleportation {@r4}
 t - 3 scrolls of identify {@r1}
Potions
 b - a potion of lignification {!q}
 d - 3 potions of heal wounds {@q2}
 m - a potion of invisibility
 n - a potion of might
 p - 3 potions of magic
 s - a potion of brilliance
 u - a potion of attraction {unknown}

Dungeon Overview and Level Annotations

Branches:
Dungeon (5/15) Zot: 26100
 Temple: D:4-7

Altars:
Cheibriados
Dithmenos
Ru
Wu Jian

Shops:
D:2

* ##..####.###..#....
#..................
#.................#
###.####.######..##
######.####.##########
....#..........#.....#
...#..........#.....#
..#..........#)gg..#
###.##.######.##@#
.##.##'######'##.######
........................
........................
........................
........................
#####..######..####.###.
### #..# #..# .#
....#.... .... ..


You could see 2 gnolls.


Message History

The gnoll is struck by your spines. The gnoll closely misses you.
Casting: Spider Form (dangerous; 12% risk of failure)
Confirm with . or Enter, or press ? or * to list all spells.
You turn into a venomous arachnid creature.
Your +0 pair of boots melds into your body.
Your +0 robe melds into your body.
The gnoll misses you.
The gnoll completely misses you. 😎 MP[-3]
You lost 3 mp, and now have 9/12 mp.
You hit the gnoll.
The gnoll is poisoned.
The gnoll misses you.
You hit the gnoll.
The gnoll looks even sicker.
The gnoll misses you.
You hit the gnoll.
The gnoll looks as sick as possible!
The gnoll completely misses you.
You hit the gnoll.
You kill the gnoll!
The gnoll hits you with a +0 whip.
A gnoll bouda comes into view. It is wielding a +0 whip.
The gnoll barely misses you. The gnoll closely misses you.
Things that are here:
a +0 whip; a gnoll corpse You hit the gnoll.
The gnoll is poisoned.
The gnoll hits you with a +0 whip.
The gnoll bouda barks out a call to the hunt!
The gnolls pick up the pace!
The gnoll hits you from afar with a +0 halberd!
The gnoll closely misses you. 😮 HP[-16] MP[+1]
You take 16 damage, and now have 36/52 hp.
MASSIVE DAMAGE!! (PAUSE)
You barely miss the gnoll.
Your transformation is almost over.
The gnoll misses you. x3
You bite the gnoll! The gnoll closely misses you.
The gnoll barely misses you. 😮 HP[+1]
You barely miss the gnoll. The gnoll completely misses you.
The gnoll closely misses you.
Unknown command.
You barely miss the gnoll. The gnoll hits you with a +0 whip.
The gnoll is stunned by your conviction and fails to attack. 😮 HP[-5]
You take 5 damage, and now have 32/52 hp.
You hit the gnoll.
You kill the gnoll!
The gnoll misses you.
The gnoll hits you with a +0 whip. 😮 HP[-3]
You take 3 damage, and now have 29/52 hp.
You hit the gnoll.
The gnoll is poisoned.
The gnoll hits you with a +0 flail!
* * * LOW HITPOINT WARNING * * *
The gnoll hits you from afar with a +0 halberd.
* * * LOW HITPOINT WARNING * * *
The gnoll is stunned by your conviction and fails to attack. 😱 HP[-16]
You take 16 damage, and now have 13/52 hp.
MASSIVE DAMAGE!! (PAUSE)
You hit the gnoll.
The gnoll looks as sick as possible!
The gnoll misses you. The gnoll completely misses you. x2
You hit the gnoll.
You kill the gnoll!
The gnoll barely misses you.
The gnoll completely misses you. 😱 MP[+1]
You hit the gnoll bouda but do no damage.
The gnoll bouda is poisoned.
The gnoll completely misses you. x2
The gnoll bouda misses you.
Unknown command.
You hit the gnoll bouda. The gnoll closely misses you.
The gnoll bouda hits you with a +0 whip.
* * * LOW HITPOINT WARNING * * *
The gnoll completely misses you. 😱 HP[-2]
You take 2 damage, and now have 11/52 hp.
You hit the gnoll bouda.
The gnoll bouda looks as sick as possible!
The gnoll closely misses you.
The gnoll bouda gazes fiercely through you!
You feel your attacks grow feeble. The gnoll bouda misses you.
The gnoll completely misses you.
You hit the gnoll but do no damage.
The gnoll is poisoned.
Your transformation has ended.
Your +0 pair of boots unmelds from your body.
Your +0 robe unmelds from your body.
The gnoll misses you. The gnoll bouda misses you.
The gnoll completely misses you.
You scratch the gnoll bouda. The gnoll barely misses you.
The gnoll bouda hits you but does no damage.
The gnoll misses you. 😱 HP[+1] Unknown command.
You scratch the gnoll bouda but do no damage.
You claw the gnoll bouda, but do no damage.
The gnoll hits you from afar with a +0 halberd!
* * * LOW HITPOINT WARNING * * *
You focus your inner power and blind the gnoll in retribution! 😱 HP[-11]
You take 11 damage, and now have 1/52 hp.
MASSIVE DAMAGE!! (PAUSE)
You scratch the gnoll bouda.
You kill the gnoll bouda!
The gnoll is no longer moving quickly.
The gnoll barely misses you. The gnoll closely misses you.
Unknown command.
The gnoll attacks as you move away! The gnoll hits you with a +0 whip.
You die...

Skill      XL: |  1  2  3  4  5  6  7 |
---------------+----------------------+-----
Transmutations | 2 3 4 |  4.8
Unarmed Combat | 3 4 |  4.1
Poison Magic   | 1 |  1.5
Fighting       | 2 3 |  3.1
Spellcasting   | 3 |  3.6
Ice Magic      | 1 |  1.8
Dodging        | |  1.7

Action                   |  1- 3 |  4- 6 |  7- 9 || total
-------------------------+-------+-------+-------++-------
Melee: Unarmed           |    64 |    94 |    32 ||   190
       Headbutt          |     9 |     2 |       ||    11
       Kick              |     8 |    10 |       ||    18
       Punch             |       |       |     1 ||     1
 Cast: Beastly Appendage |    21 |    21 |     1 ||    43
       Spider Form       |     1 |     8 |     4 ||    13
       Wereblood         |       |     3 |       ||     3
Invok: Sacrifice Love    |       |       |     1 ||     1
  Use: Scroll            |     2 |     8 |       ||    10
       Potion            |       |       |     1 ||     1
 Stab: Sleeping          |     1 |       |       ||     1
Armor: Robe              |    11 |     5 |     1 ||    17
       Skin              |       |     3 |       ||     3
Dodge: Dodged            |    54 |    68 |    48 ||   170

Levels and vault maps discovered:
D:1:      psy_arrival_heroes, layout_rooms, hangedman_decor_riveting
D:2:      layout_basic, serial_shops, shop, uniq_terence
D:3:      layout_basic, lemuel_crystal_altar,
          hellmonk_ecumenical_altar_arch_garden, uniq_robin
D:4:      layout_cave_pools, mainiacjoe_overflow_24_doors,
          nzn_wu_jian_contemplation, mainiacjoe_overflow_small_starburst,
          uniq_edmund, uniq_sigmund
D:5:      layout_gridville, kennysheep_mini, serial_shops, nicolae_shop_crystal,
          hangedman_decor_lopped, kennysheep_small_circle, uniq_menkaure,
          uniq_grinder, uniq_duvessa

Notes
Turn   | Place    | Note
-------+----------+-------------------------------------------
     0 | D:1      | kae the Demonspawn Transmuter began the quest for the Orb.
     0 | D:1      | Reached XP level 1. HP: 15/15 MP: 3/3
     0 | D:1      | magus.rc [v1.11.3]
    93 | D:1      | Reached skill level 2 in Transmutations
   155 | D:1      | Gained mutation: You are partially covered in sharp spines.
                  | [demonic ancestry]
   155 | D:1      | Reached XP level 2. HP: 13/21 MP: 1/5
   712 | D:2      | Reached skill level 3 in Unarmed Combat
   796 | D:2      | Gained mutation: You have sharp fingernails. [demonic
                  | ancestry]
   796 | D:2      | Reached XP level 3. HP: 17/26 MP: 4/6
   945 | D:2      | Found Dedol's General Store.
  1036 | D:2      | Noticed Terence
  1041 | D:2      | Learned a level 2 spell: Wereblood
  1045 | D:2      | Learned a level 3 spell: Spider Form
  1109 | D:2      | Killed Terence
  1316 | D:2      | Gained mutation: A weak demonic guardian rushes to your
                  | aid. [demonic ancestry]
  1316 | D:2      | Reached XP level 4. HP: 32/32 MP: 7/7
  1443 | D:3      | Noticed Robin
  1508 | D:3      | Reached skill level 3 in Transmutations
  1519 | D:3      | Killed Robin
  1611 | D:3      | Found a sacrificial altar of Ru.
  1684 | D:3      | Became a worshipper of Ru the Awakened
  1859 | D:3      | Found a faded altar of an unknown god.
  1936 | D:3      | Reached skill level 1 in Poison Magic
  2605 | D:4      | Found an ornate altar of the Wu Jian Council.
  2658 | D:4      | Reached skill level 2 in Fighting
  2658 | D:4      | Reached XP level 5. HP: 38/38 MP: 3/9
  2869 | D:4      | Noticed Sigmund
  3002 | D:4      | Found a shadowy altar of Dithmenos.
  3061 | D:4      | Found a snail-covered altar of Cheibriados.
  3106 | D:4      | Killed Sigmund
  3107 | D:4      | Reached skill level 3 in Spellcasting
  3107 | D:4      | Reached skill level 4 in Transmutations
  3107 | D:4      | Gained mutation: You have an unusually large brain. (Int
                  | +2) [demonic ancestry]
  3107 | D:4      | Reached XP level 6. HP: 20/46 MP: 6/10
  3269 | D:4      | Learned a level 4 spell: Ice Form
  3282 | D:4      | Noticed Edmund
  3314 | D:4      | HP: 3/43 [Edmund/+1 dire flail of draining (12)]
  3314 | D:4      | HP: 1/41 [Edmund/+1 dire flail of draining (2)]
  3323 | D:4      | Killed Edmund
  3324 | D:4      | Reached skill level 1 in Ice Magic
  3324 | D:4      | Reached XP level 7. HP: 4/51 MP: 9/12
  3549 | D:4      | Reached skill level 3 in Fighting
  3635 | D:5      | Entered Level 5 of the Dungeon
  3648 | D:5      | Reached skill level 4 in Unarmed Combat
  3649 | D:5      | HP: 11/52 [poisoned by a scorpion]
  3796 | D:5      | Gained mutation: You are hated by all. [Ru sacrifice]
  3796 | D:5      | Reached * piety under Ru
  3796 | D:5      | Reached ** piety under Ru
  3901 | D:5      | HP: 13/52 [gnoll/+0 halberd[a gnoll bouda] (5)]
  3909 | D:5      | HP: 1/52 [gnoll/+0 halberd[a gnoll bouda] (11)]
  3911 | D:5      | Slain by a gnoll

Vanquished Creatures
  Sigmund (D:4)
  Edmund (D:4)
  3 scorpions
  A gnoll bouda (D:5)
  Terence (D:2)
  Robin (D:3)
  7 gnolls
  4 adders
  An ufetubus (D:4)
  3 dart slugs
  An orc (D:3)
  5 ball pythons
  3 endoplasms
  2 giant cockroaches (D:2)
  20 goblins
  9 hobgoblins
  6 jackals (D:1)
  8 kobolds
  2 quokkas
  3 bats (D:3)
  A frilled lizard (D:3)
  4 rats
87 creatures vanquished.

Table legend:
 A = Non-vault XP
 B = Vault XP
 C = Vault XP percentage of total XP
 D = Non-vault monster count
 E = Vault monster count
 F = Vault count percentage of total count
                 A         B        C        D         E       F
            +---------+---------+-------+---------+---------+-------
      Total |     544 |     466 |  46.1 |      71 |      16 |  18.4
            +---------+---------+-------+---------+---------+-------
        D:1 |      32 |       0 |   0.0 |      17 |       0 |   0.0
        D:2 |      31 |      38 |  55.1 |      13 |       2 |  13.3
        D:3 |      41 |      35 |  46.1 |      15 |      12 |  44.4
        D:4 |     266 |     393 |  59.6 |      20 |       2 |   9.1
        D:5 |     174 |       0 |   0.0 |       6 |       0 |   0.0
            +---------+---------+-------+---------+---------+-------

Illustrated notes

Table legend:
 A = Kills in this place as a percentage of kills in entire the game.
 B = Kills by you in this place as a percentage of kills by you in the entire game.
 C = Kills by friends in this place as a percentage of kills by friends in the entire game.
 D = Other kills in this place as a percentage of other kills in the entire game.
 E = Experience gained in this place as a percentage of experience gained in the entire game.
 F = Experience gained in this place divided by the number of levels of this place that you have seen.
                   A       B       C       D       E      F
               +-------+-------+-------+-------+-------+----------------------
         Total | 100.0 | 100.0 |   N/A |   N/A | 100.0 | 202.0
       Dungeon | 100.0 | 100.0 |   N/A |   N/A | 100.0 | 202.0
               +-------+-------+-------+-------+-------+----------------------

Table legend: (Time is in decaauts)
 A = Elapsed time spent in this place.
 B = Non-inter-level travel time spent in this place.
 C = Inter-level travel time spent in this place.
 D = Time resting spent in this place.
 E = Time spent auto-exploring this place.
 F = Levels seen in this place.
 G = Mean time per level.
                   A        B        C        D        E       F      G
               +--------+--------+--------+--------+--------+-----+--------+
         Total |   3899 |   3762 |    137 |     78 |   2992 |   5 |  779.8 |
       Dungeon |   3899 |   3762 |    137 |     78 |   2992 |   5 |  779.8 |
               +--------+--------+--------+--------+--------+-----+--------+

Top non-repeatable levels by time:
     D:4: 1105 daAuts
     D:3: 1070 daAuts
     D:2: 828 daAuts
     D:1: 621 daAuts
     D:5: 273 daAuts
